 Dungeon Crawl Stone Soup version 0.30.1 (webtiles) character file.

Game seed: 14400148528164722302

33 javelincjr the Caller (level 3, 0/24 HPs)
             Began as a Demonspawn Summoner on July 5, 2023.
             Was an Initiate of Ashenzari.
             Slain by a hobgoblin (5 damage)
             ... on level 2 of the Dungeon.
             The game lasted 00:04:13 (842 turns).

javelincjr the Caller (Demonspawn Summoner)          Turns: 842, Time: 00:04:13

Health: 0/24       AC:  2    Str:  8    XL:     3   Next: 12%
Magic:  5/6        EV: 12    Int: 18    God:    Ashenzari [......]
Gold:   66         SH:  0    Dex: 13    Spells: 5/6 levels left

rFire   . . .        d - +0 short sword of the Sibylline Sphere {protect, Melee, Range} (curse)
rCold   . . .        f - orb {*Rage}
rNeg    . . .        a - +0 robe
rPois   .            (no helmet)
rElec   .            (no cloak)
rCorr   .            (no gloves)
SInv    .            (no boots)
Will    .....        (no amulet)
Stlth   ++           (no ring)
HPRegen 0.24/turn    (no ring)
MPRegen 0.20/turn

%: random rage (20%)
@: lethally poisoned (0 -> -3)
A: magic regeneration
a: Renounce Religion, Shatter the Chains


You were on level 2 of the Dungeon.
You worshipped Ashenzari.
Ashenzari was noncommittal.
You visited 1 branch of the dungeon, and saw 2 of its levels.

You collected 66 gold pieces.

Inventory:

Hand Weapons
 d - the cursed +0 short sword of the Sibylline Sphere (weapon) {protect, Melee, Range}
   (You took it off a kobold on level 1 of the Dungeon)

   It has a curse which improves the following skills: Melee Combat: Short
   Blades, Long Blades, Axes, Maces & Flails, Polearms, Staves and Unarmed
   Combat.
   Ranged Combat: Ranged Weapons and Throwing.
Armour
 a - a +0 robe (worn)
 f - an orb of wrath (worn)
Scrolls
 c - a scroll of fear {unknown}
 e - a scroll of enchant weapon {unknown}
 g - a scroll of immolation {unknown}
Potions
 b - 2 potions of magic
 h - a potion of cancellation {unknown}


   Skills:
 + Level 2.2 Dodging
 + Level 2.3 Stealth
 + Level 2.4 Spellcasting
 + Level 4.2 Summonings


You had 5 spell levels left.
You knew the following spells:

 Your Spells              Type           Power      Damage    Failure   Level
a - Summon Small Mammal   Summ           68%        N/A       3%          1

Your spell library contained the following spells:

 Spells                   Type           Power      Damage    Failure   Level
 Call Imp                 Summ           34%        N/A       4%          2
 Call Canine Familiar     Summ           17%        N/A       9%          3
 Summon Guardian Golem    Hex/Summ       9%         N/A       22%         3
 Summon Lightning Spire   Summ/Air       9%         N/A       58%         4


Dungeon Overview and Level Annotations

Branches:
Dungeon (2/15)

Altars:
Ashenzari


Innate Abilities, Weirdness & Mutations

You regenerate magic rapidly.


Message History

You are poisoned.
The adder poisons you! The hobgoblin barely misses you.
The adder bites you but does no damage.
You closely miss the adder.
The adder is severely wounded.
You recover from your berserk rage.
You feel sick.
The hobgoblin hits you but does no damage.
The adder closely misses you.
You miss the adder.
The adder is severely wounded.
You feel sick. The hobgoblin completely misses you.
The adder bites you but does no damage.
You barely miss the adder.
The adder is severely wounded.
You feel sick. The adder closely misses you. The hobgoblin barely misses you.
You miss the adder.
The adder is severely wounded.
You feel sick. The adder bites you. The hobgoblin barely misses you.
The adder bites you but does no damage.
You miss the adder.
The adder is severely wounded.
You feel sick.
You are no longer poisoned.
The hobgoblin barely misses you. The adder bites you.
You are poisoned.
The adder poisons you!
Casting: Summon Small Mammal (safe; 3% risk of failure)
Confirm with . or Enter, or press ? or * to list all spells.
You don't know that spell.
Casting: Summon Small Mammal (safe; 3% risk of failure)
Confirm with . or Enter, or press ? or * to list all spells.
You feel sick. The hobgoblin hits you. The adder bites you.
* * * LOW HITPOINT WARNING * * *
You closely miss the adder.
The adder is heavily wounded.
You feel sick. The adder bites you.
* * * LOW HITPOINT WARNING * * *
The hobgoblin hits you.
You die...

.. .## ... ..#
#.# ##.####
##.gS..####.
#####..@.r......
...#...........#
................
...#..........#
## #.........###
#............
##...........
#........)###
#.........#


You could see an adder (ally target), a hobgoblin and a friendly rat (summoned).

Vanquished Creatures
  An adder (D:2)
  A dart slug (D:1)
  An endoplasm (D:1)
  3 giant cockroaches (D:1)
  3 hobgoblins (D:1)
  A quokka (D:1)
  2 ball pythons (D:1)
  3 bats
  A frilled lizard (D:1)
  3 rats (D:1)
19 creatures vanquished.

Vanquished Creatures (collateral kills)
  2 kobolds (D:1)
  A goblin (D:1)
3 creatures vanquished.

Grand Total: 22 creatures vanquished

Notes
Turn   | Place    | Note
-------+----------+-------------------------------------------
     0 | D:1      | javelincjr the Demonspawn Summoner began the quest for the
                  | Orb.
     0 | D:1      | Reached XP level 1. HP: 13/13 MP: 3/3
     1 | D:1      | Noticed an electric eel
   277 | D:1      | Gained mutation: You regenerate magic rapidly. [demonic
                  | ancestry]
   277 | D:1      | Reached XP level 2. HP: 18/19 MP: 1/5
   299 | D:1      | Found a faded altar of an unknown god.
   307 | D:1      | Prayed at the altar of an unknown god.
   307 | D:1      | Became a worshipper of Ashenzari the Shackled
   805 | D:2      | Reached XP level 3. HP: 24/24 MP: 6/6
   842 | D:2      | Slain by a hobgoblin

Illustrated notes

Levels and vault maps discovered:
D:1:      arrival_aquarium_a, layout_rooms,
          shapermc_ecumenical_altar_totnotflames, ebering_dispersal_statue_hall,
          minmay_octomino_j4
D:2:      layout_rooms, serial_bayou, serial_bayou_shore_b, serial_bayou_pond_e,
          serial_bayou_shore_a, serial_bayou_pond_e, serial_bayou_pond_c

Skill      XL: |  1 |
---------------+----+-----
Stealth        | 2 |  2.3
Dodging        | 2 |  2.2
Spellcasting   | |  2.4
Summonings     | |  4.2

Action                     || total
---------------------------++-------
  Melee: Short sword       ||    84
   Cast: Summon Small Mamm ||     9
 Invoke: Curse Item        ||     1
   Stab: Distracted        ||     1
         Sleeping          ||     3
 Armour: Robe              ||    39
  Dodge: Dodged            ||    75
